 Dungeon Crawl Stone Soup version 0.25-a0-855-g681bda5bb4 (webtiles) character file.

Game seed: 15587277291966854237, levelgen mode: deterministic

23 deepelf3rune the Firebug (level 2, 0/15 HPs)
             Began as a Deep Elf Fire Elementalist on Apr 26, 2020.
             Slain by a hobgoblin (4 damage)
             ... on level 1 of the Dungeon.
             The game lasted 00:01:36 (816 turns).

deepelf3rune the Firebug (DEFE)                      Turns: 816, Time: 00:01:36

Health: 0/15       AC:  2    Str:  5    XL:     2   Next: 72%
Magic:  3/8        EV: 13    Int: 19    God:
Gold:   24         SH:  0    Dex: 15    Spells: 6/7 levels left

rFire    . . .     SeeInvis .   d - +0 dagger
rCold    . . .     Gourm    .   (no shield)
rNeg     . . .     Faith    .   a - +0 robe
rPois    .         Spirit   .   (no helmet)
rElec    .         Reflect  .   (no cloak)
rCorr    .         Harm     .   (no gloves)
MR       .....                  (no boots)
Stlth    ++........             (no amulet)
HPRegen  0.05/turn              h - ring of flight
MPRegen  0.11/turn              (no ring)

@: very slightly contaminated
A: no striking features
a: Evoke Flight


You were on level 1 of the Dungeon.
You were not hungry.

You visited 1 branch of the dungeon, and saw 1 of its levels.

You collected 24 gold pieces.

Inventory:

Hand Weapons
 d - a +0 dagger (weapon)
Armour
 a - a +0 robe (worn)
Jewellery
 h - a ring of flight (left hand)
Scrolls
 b - a scroll of enchant weapon {unknown}
 e - a scroll of random uselessness {unknown}
 g - a scroll of blinking {unknown}
Potions
 f - a potion of heal wounds {unknown}
Comestibles
 c - 2 rations


   Skills:
 - Level 2.4 Dodging
 - Level 2.4 Stealth
 + Level 3.4 Spellcasting
 + Level 1.7 Conjurations
 * Level 4.0 Fire Magic


You had 6 spell levels left.
You knew the following spells:

 Your Spells              Type           Power        Failure   Level  Hunger
a - Foxfire               Conj/Fire      ##..         4%          1    None

Your spell library contained the following spells:

 Spells                   Type           Power        Failure   Level  Hunger
 Conjure Flame            Conj/Fire      ##......     14%         3    ###....
 Inner Flame              Hex/Fire       ##......     19%         3    ###....
 Sticky Flame             Conj/Fire      ##......     41%         4    ####...
 Fireball                 Conj/Fire      ##........   77%         5    ######.


Dungeon Overview and Level Annotations

Branches:
Dungeon (1/15)

Altars:


Message History

The hobgoblin is almost dead.
The foxfire hits the hobgoblin.
You kill the hobgoblin!
The hobgoblin hits you but does no damage.
Your foxfire dissipates!
Casting: Foxfire (safe; 4% risk of failure)
Confirm with . or Enter, or press ? or * to list all spells.
You conjure some foxfire!
The hobgoblin hits you with a +0 club.
* * * LOW HITPOINT WARNING * * *
The foxfire hits the hobgoblin.
The hobgoblin is almost dead.
The foxfire hits the hobgoblin.
You kill the hobgoblin!
Your Fire Magic skill increases to level 4!
The hobgoblin closely misses you. The hobgoblin barely misses you.
Casting: Foxfire (safe; 4% risk of failure)
Confirm with . or Enter, or press ? or * to list all spells.
You conjure some foxfire!
The hobgoblin hits you.
You die...

......# ...##..##.##.
......# ..........#.##.
......#
#########..........#.##.
......#
..................=#.##.
......#
.....................##.
#######
................###...#..
..........###... #...#..
..........# ###.###...#..
.......v@.+ #.......#..
.......vg.# #....##.#..
......)...# #....##).#.
.......)..# #...#.......)
.......)#.# #####.####.#.
........#.# #.†..........
........#.# #.###.....#..
........#.# #.# #.....#..
........#.###.###.#####..


You could see a hobgoblin.

Vanquished Creatures
  An ooze (D:1)
  A dart slug (D:1)
  A leopard gecko (D:1)
  A ball python (D:1)
  A giant cockroach (D:1)
  2 goblins (D:1)
  2 hobgoblins (D:1)
  A bat (D:1)
  A frilled lizard (D:1)
  6 rats (D:1)
17 creatures vanquished.

Vanquished Creatures (others)
  33 foxfires (D:1)
33 creatures vanquished.

Grand Total: 50 creatures vanquished

Notes
Turn   | Place    | Note
-------+----------+-------------------------------------------
     0 | D:1      | deepelf3rune the Deep Elf Fire Elementalist began the quest
                  | for the Orb.
     0 | D:1      | Reached XP level 1. HP: 10/10 MP: 6/6
    95 | D:1      | Reached XP level 2. HP: 15/15 MP: 2/8
   813 | D:1      | Reached skill level 4 in Fire Magic
   816 | D:1      | Slain by a hobgoblin

Levels and vault maps discovered:
D:1:      onia_arrival_handbag, layout_basic

Skill      XL: |  1  2 |
---------------+-------+-----
Fire Magic     | 4 |  4.0
Dodging        | |  2.4
Stealth        | |  2.4
Spellcasting   | |  3.4
Conjurations   | |  1.7

Action                   || total
-------------------------++-------
Melee: Dagger            ||    20
 Cast: Foxfire           ||    22
 Stab: Sleeping          ||     4
Armor: Robe              ||     8
Dodge: Dodged            ||    23

Table legend:
 A = Non-vault XP
 B = Vault XP
 C = Vault XP percentage of total XP
 D = Non-vault monster count
 E = Vault monster count
 F = Vault count percentage of total count
                 A         B        C        D         E       F
            +---------+---------+-------+---------+---------+-------
      Total |      22 |      11 |  33.3 |      13 |       4 |  23.5
            +---------+---------+-------+---------+---------+-------
        D:1 |      22 |      11 |  33.3 |      13 |       4 |  23.5
            +---------+---------+-------+---------+---------+-------
